 Dungeon Crawl Stone Soup version 0.18.1-6-gd335043 (webtiles) character file.

104 HungrySpirit the Insei (level 4, -2/28 HPs)
             Began as an Octopode Transmuter on May 18, 2016.
             Killed by divine providence
             ... invoked by an orc priest
              (12 damage)
             ... on level 3 of the Dungeon.
             The game lasted 00:04:21 (2311 turns).

HungrySpirit the Insei (Octopode Transmuter)        Turns: 2311, Time: 00:04:22

Health: -2/28      AC:  1    Str:  9    XL:     4   Next: 80%
Magic:  5/7        EV: 13    Int: 15    God:
Gold:   94         SH:  0    Dex: 13    Spells: 2 memorised, 4 levels left

rFire  . . .     SeeInvis .     g - +2 dagger (venom)
rCold  . . .     Gourm    .     (no shield)
rNeg   . . .     Faith    .     (helmet restricted)
rPois  .         Spirit   .     (no amulet)
rElec  .         Dismiss  .     e - ring of protection from magic
rCorr  .         Reflect  .     (no ring)
SustAt .         Harm     .     (no ring)
MR     +....                    (no ring)
Stlth  ++........               (no ring)
                                (no ring)
                                (no ring)
                                (no ring)

@: somewhat resistant to hostile enchantments, unstealthy
A: almost no armour, amphibious, 8 rings, constrict 8, camouflage 1, gelatinous
body 1
a: no special abilities


You were on level 3 of the Dungeon.
You were not hungry.

You visited 1 branch of the dungeon, and saw 3 of its levels.

You collected 94 gold pieces.

Inventory:

Hand Weapons
 g - a +2 dagger of venom (weapon)
Missiles
 a - 44 arrows
Jewellery
 e - a ring of protection from magic (left tentacle)
Scrolls
 f - a scroll of magic mapping {unknown}
 j - 3 scrolls of identify {unknown}
 l - 5 scrolls of remove curse {unknown}
 m - a scroll of blinking {unknown}
Potions
 d - a potion of brilliance {unknown}
 h - a potion of cure mutation {unknown}
 k - a potion of curing {unknown}
 p - a potion of resistance {unknown}
Books
 b - a book of Changes

   Spells                             Type                      Level
   a - Beastly Appendage              Transmutation                1
   b - Sticks to Snakes               Transmutation                2
   c - Spider Form                    Transmutation/Poison         3
   d - Ice Form                       Ice/Transmutation            4
   e - Blade Hands                    Transmutation                5
 n - a book of Enchantments

   Spells                             Type                      Level
   a - Cause Fear                     Hexes                        4
   b - Yara's Violent Unravelling     Hexes/Transmutation          5
   c - Silence                        Hexes/Air                    5
   d - Deflect Missiles               Charms/Air                   6
   e - Haste                          Charms                       6
   f - Discord                        Hexes                        8
Comestibles
 c - 2 bread rations
 i - 2 fruits
 o - 2 chunks of flesh


   Skills:
 + Level 1.6 Fighting
 + Level 3.0 Dodging
 * Level 4.1 Unarmed Combat
 - Level 2.0 Spellcasting
 + Level 2.6 Transmutations


You had 4 spell levels left.
You knew the following spells:

 Your Spells              Type           Power        Failure   Level  Hunger
a - Beastly Appendage     Trmt           #.....       10%         1    #......
b - Sticks to Snakes      Trmt           #.......     12%         2    ###....


Dungeon Overview and Level Annotations

Branches:
Dungeon (3/15)

Altars:
Dithmenos


Innate Abilities, Weirdness & Mutations

You cannot wear most types of armour.
You are amphibious.
You can wear up to eight rings at the same time.
You can use your tentacles to constrict eight enemies at once.
Your skin changes colour to match your surroundings (Stealth).
Your rubbery body absorbs attacks (AC +1).


Message History

A giant newt comes into view.
A goblin comes into view. It is wielding a club.
Found a stone staircase leading down.
The goblin shouts!
The orc shouts!
The goblin hits you with a club.
You barely miss the orc.
The orc shouts!
The orc priest shouts!
Your grab misses the orc. The goblin closely misses you.
The giant newt closely misses you. The orc hits you with a dagger.
The goblin hits you with a club.
Casting: Beastly Appendage
Confirm with . or Enter, or press ? or * to list all spells.
You create a snake!
You now have 44 arrows.
The orc priest mumbles some strange prayers to Beogh against you.
Beogh smites you! The goblin hits you with a club.
You swap places.
The orc priest invokes the aid of Beogh against you.
Beogh smites you!
You die...

#### ## #####
#...
##.#######...#
#.##
#..oologS@...#
#.#
#....o#####...#
#.# ##....#
##.## #.#
##>#.# #.#
##.## .....#
#.# #...#
###.### #.#
#.#.. #' #.#
#...# .o #.#
##### #.##### #


You could see an orc priest, 3 orcs, a goblin, a giant newt and a friendly ball
python.

Vanquished Creatures
  2 adders (D:2)
  2 oozes
  A worm (D:2)
  3 dart slugs
  3 giant geckos
  2 orcs (D:3)
  A giant cockroach (D:1)
  6 goblins
  14 hobgoblins
  6 jackals
  3 kobolds (D:2)
  2 quokkas (D:2)
  7 bats
  A giant newt (D:2)
  4 rats
57 creatures vanquished.

Notes
Turn   | Place    | Note
--------------------------------------------------------------
     0 | D:1      | HungrySpirit the Octopode Transmuter began the quest for the Orb.
     0 | D:1      | Reached XP level 1. HP: 13/13 MP: 3/3
   392 | D:1      | Reached XP level 2. HP: 13/18 MP: 3/5
   856 | D:2      | Reached XP level 3. HP: 5/23 MP: 4/6
  1400 | D:2      | Reached skill level 4 in Unarmed Combat
  1400 | D:2      | Reached XP level 4. HP: 23/28 MP: 7/7
  1623 | D:2      | Learned a level 2 spell: Sticks to Snakes
  1936 | D:2      | Found a shadowy altar of Dithmenos.
  2311 | D:3      | Killed from afar by an orc priest

Skill      XL: |  1  2  3  4 |
---------------+-------------+-----
Unarmed Combat | 4 |  4.1
Dodging        | 3 |  3.0
Fighting       | |  1.6
Spellcasting   | |  2.0
Transmutations | |  2.6

Action                   |  1- 3 |  4- 6 || total
-------------------------+-------+-------++-------
Melee: Unarmed           |    15 |       ||    15
       Constrict         |    20 |    15 ||    35
       Kick              |     7 |       ||     7
       Tentacles         |    10 |     6 ||    16
       Dagger            |    50 |    46 ||    96
       Punch             |     2 |     3 ||     5
 Cast: Beastly Appendage |     3 |       ||     3
       Sticks to Snakes  |       |     1 ||     1
 Stab: Sleeping          |     2 |     3 ||     5
  Eat: Chunk             |     2 |     2 ||     4
Armor: Skin              |     9 |     2 ||    11
Dodge: Dodged            |    41 |    31 ||    72
